 Dungeon Crawl Stone Soup version 0.25.1-2-g60ff931df9 (webtiles) character file.

Game seed: 17841859772277800270

7679 hawla the Nimble (level 10, 0/86 HPs)
             Began as a Minotaur Gladiator on Nov 1, 2020.
             Was an Initiate of Gozag.
             Slain by an orc warrior
             ... wielding a +0 dire flail
              (23 damage)
             ... on level 7 of the Dungeon.
             The game lasted 00:22:39 (8674 turns).

hawla the Nimble (Minotaur Gladiator)               Turns: 8674, Time: 00:22:40

Health: 0/86       AC: 11    Str: 28    XL:     10   Next: 99%
Magic:  9/9        EV: 16    Int:  9    God:    Gozag
Gold:   608        SH:  0    Dex: 12    Spells: 9/9 levels left

rFire    . . .     SeeInvis .   b - +7 morningstar of Karma {protect, Fragile rN++ Int+4}
rCold    + . .     Gourm    .   (no shield)
rNeg     + + .     Faith    .   a - +2 ring mail {rC+}
rPois    .         Spirit   .   c - +0 hat
rElec    .         Reflect  .   v - +0 cloak
rCorr    .         Harm     .   m - +0 pair of gloves
MR       .....                  (no boots)
Stlth    +.........             (no amulet)
HPRegen  0.24/turn              n - +6 ring of strength
MPRegen  0.11/turn              u - ring of flight

@: mighty
A: retaliatory headbutt, horns 2
a: Potion Petition, Call Merchant, Bribe Branch, Renounce Religion, Evoke Flight


You were on level 7 of the Dungeon.
You worshipped Gozag.
Gozag was pleased with you.
You were not hungry.

You visited 2 branches of the dungeon, and saw 10 of its levels.

You collected 1492 gold pieces.
You spent 252 gold pieces at shops.
You paid 632 gold pieces to Gozag.

Inventory:

Hand Weapons
 b - the +7 morningstar of Karma (weapon) {protect, Fragile rN++ Int+4}
   (You found it on level 9 of the Dungeon)

   It grants its wielder temporary protection when it strikes (+7 to AC).
   It affects your intelligence (+4).
   It greatly protects you from negative energy.
   It will be destroyed if unequipped.
Missiles
 d - 3 throwing nets
 e - 16 boomerangs (quivered)
Armour
 a - a +2 ring mail of cold resistance (worn)
 c - a +0 hat (worn)
 m - a +0 pair of gloves (worn)
 t - the +1 robe of the Dolphin {Regen+ MP+9}
   (You found it on level 5 of the Dungeon)

   It affects your magic capacity (+9).
   It increases your rate of regeneration.
 v - a +0 cloak (worn)
 x - the +5 scale mail "Ekhluo" {-Cast *Slow Slay+4 SInv}
   (You found it on level 5 of the Dungeon)

   It affects your accuracy and damage with ranged weapons and melee attacks
   (+4).
   It lets you see invisible.
   It prevents spellcasting.
   It may slow you when you take damage.
 y - the +5 ring mail of Makhleb's Favour {Slay+2}
   (You found it on level 6 of the Dungeon)

   It affects your accuracy and damage with ranged weapons and melee attacks
   (+2).
Jewellery
 l - an uncursed ring of positive energy
 n - a +6 ring of strength (left hand)
 u - a ring of flight (right hand)
 B - a +4 ring of evasion
Wands
 i - a wand of acid (6)
 A - a wand of disintegration (10)
 F - a wand of random effects (5)
 H - a wand of enslavement (11)
Scrolls
 g - a scroll of fear
 h - a scroll of fog
 j - 7 scrolls of remove curse
 o - 2 scrolls of enchant weapon
 p - a scroll of enchant armour {unknown}
 r - a scroll of noise
 w - a scroll of magic mapping
 D - 2 scrolls of teleportation
 E - 2 scrolls of identify
Potions
 q - a potion of haste
 s - a potion of curing
 z - a potion of stabbing {unknown}
 C - 2 potions of resistance {unknown}
 G - a potion of magic {unknown}
 I - a potion of invisibility {unknown}
Comestibles
 f - 14 rations


   Skills:
 + Level 7.6 Fighting
   Level 5.8(7.4) Short Blades
   Level 7.8(8.8) Long Blades
 + Level 7.7 Maces & Flails
 + Level 4.7 Throwing
 + Level 7.1 Armour
 * Level 10.2 Dodging
 - Level 3.0 Stealth
 + Level 0.3 Evocations


You had 9 spell levels left.
You didn't know any spells.
Your spell library was empty.

Dungeon Overview and Level Annotations

Branches:
Dungeon (9/15)             Temple (1/1) D:4            Lair (0/6) D:8
    Orc: D:9-12

Altars:
Ashenzari
Cheibriados
Dithmenos
Elyvilon
Fedhas
Gozag
Hepliaklqana
Makhleb
Nemelex Xobeh
Okawaru
Sif Muna
Trog
Vehumet
Wu Jian
Yredelemnul
Zin
The Shining One

Shops:
D:6 [

Annotations:
D:4 2 transporters, Fractals's ghost, novice TeCj
D:6 3 runed translucent doors, Zerd's ghost, novice OpTm
D:7 1 runed translucent door, merlinx42's ghost, novice MiBe
D:8 Grum


Innate Abilities, Weirdness & Mutations

You reflexively headbutt those who attack you in melee.
You have a pair of horns on your head.


Message History

The orc warrior is moderately wounded.
The orc warrior hits you with a +0 dire flail!
The orc warrior hits you but does no damage.
You climb upwards.
Level annotation: 1 runed translucent door, merlinx42's ghost, novice MiBe
There is a stone staircase leading down, spattered with blood here.
You barely miss the orc warrior.
The orc warrior is moderately wounded.
The orc warrior hits you with a +0 dire flail!!
* * * LOW HITPOINT WARNING * * *
You feel very mighty all of a sudden.
The orc warrior hits you but does no damage.
You barely miss the orc warrior. You headbutt the orc warrior.
The orc warrior is heavily wounded.
The orc warrior closely misses you.
You closely miss the orc warrior.
The orc warrior is heavily wounded.
The orc warrior hits you with a +0 dire flail!!
You die...
Your body crumbles into a pile of gold.

#....# #.≈.#.......# #...
###....# #.≈W#..####.#### ##...
.......# ##+##..####....####....
.......####......................
..................####...#####...
##......###.#.....## #...# ###.
#..................###...# #.
#.#....####.#...o........# #.
.......# #.#..[@###.#...#######.
......## #.#..[.# #.....#.....#.
.....## #.###### ##....#.....#.
.....# ####.# ##...#.....#.
.....# #....# ###.#.....#.
..#.####.#### #.......#(
.....##...#### ###.......
.....#[....#.#############.......
#..#.#.....#.............#.......


You could see an orc warrior and merlinx42's ghost.

Vanquished Creatures
  A two-headed ogre (D:9)
  Joseph (D:8)
  Psyche (D:8)
  A queen bee (D:9)
  Prince Ribbit (D:7)
  2 hippogriffs
  A yak (D:9)
  2 hungry ghosts
  Menkaure (D:7)
  3 porcupines
  2 black bears (D:7)
  3 orc warriors
  3 ice beasts
  3 sky beasts
  2 wolves (D:8)
  4 phantoms
  2 centaurs
  11 bullfrogs
  2 wyvern zombies (D:8)
  2 scorpions
  19 killer bees (D:9)
  A howler monkey (D:6)
  5 crimson imps
  5 hounds
  A centaur zombie (D:5)
  2 bullfrog skeletons
  Crazy Yiuf (D:2)
  2 orc priests (D:9)
  3 jellies
  9 orc wizards
  2 iguanas
  8 worker ants
  2 hound skeletons
  2 worker ant zombies
  10 adders
  4 gnolls (D:6)
  4 shadow imps
  A worm (D:2)
  4 dart slugs (D:1)
  4 leopard geckos
  27 orcs
  6 giant cockroaches
  5 goblins
  9 hobgoblins
  3 jackals (D:5)
  4 kobolds
  A quokka (D:4)
  2 ball pythons
  7 bats
  4 frilled lizards
  A goblin skeleton (D:4)
  3 hobgoblin zombies (D:4)
  A kobold zombie (D:4)
  An orc skeleton (D:4)
  2 orc zombies (D:4)
  A quokka zombie (D:6)
  7 rats
  A rat zombie (D:9)
  A bush (D:7)
223 creatures vanquished.

Vanquished Creatures (others)
  6 fungi (D:8)
6 creatures vanquished.

Grand Total: 229 creatures vanquished

Notes
Turn   | Place    | Note
-------+----------+-------------------------------------------
     0 | D:1      | hawla the Minotaur Gladiator began the quest for the Orb.
     0 | D:1      | Reached XP level 1. HP: 18/18 MP: 0/0
    91 | D:1      | Reached XP level 2. HP: 14/25 MP: 1/1
   808 | D:1      | Reached XP level 3. HP: 30/30 MP: 2/2
   976 | D:1      | Reached skill level 4 in Dodging
  1463 | D:2      | Found a runed translucent door.
  1464 | D:2      | Noticed Crazy Yiuf
  1593 | D:2      | Reached skill level 1 in Armour
  2144 | D:2      | Killed Crazy Yiuf
  2144 | D:2      | Reached XP level 4. HP: 22/38 MP: 3/3
  3026 | D:4      | Found a transporter.
  3032 | D:4      | Found a transporter.
  3032 | D:4      | Noticed Fractals's ghost (novice TeCj)
  3141 | D:4      | Noticed a phantom
  3166 | D:4      | Reached XP level 5. HP: 11/45 MP: 4/4
  3172 | D:4      | Killed a phantom
  3172 | D:4      | Reached skill level 5 in Long Blades
  3363 | D:4      | Reached skill level 5 in Dodging
  3363 | D:4      | Reached XP level 6. HP: 39/52 MP: 5/5
  3373 | D:4      | Noticed a hungry ghost
  3385 | D:4      | Killed a hungry ghost
  3385 | D:4      | Reached skill level 1 in Short Blades
  3385 | D:4      | Reached skill level 1 in Stealth
  3493 | D:4      | Found a shimmering blue altar of Sif Muna.
  3653 | D:4      | Found a staircase to the Ecumenical Temple.
  3709 | Temple   | Entered the Ecumenical Temple
  3770 | Temple   | Became a worshipper of Gozag Ym Sagoz the Greedy
  4099 | D:4      | Found a glowing golden altar of the Shining One.
  4119 | D:4      | Reached XP level 7. HP: 58/59 MP: 6/6
  4339 | D:5      | Entered Level 5 of the Dungeon
  4347 | D:5      | Reached skill level 6 in Dodging
  4509 | D:5      | Got an ichor-stained robe
  4520 | D:5      | Identified the +1 robe of the Dolphin {Regen+ MP+9} (You
                  | found it on level 5 of the Dungeon)
  4756 | D:5      | Got a masterwork scale mail
  4767 | D:5      | Identified the +5 scale mail "Ekhluo" {-Cast *Slow Slay+4
                  | SInv} (You found it on level 5 of the Dungeon)
  4785 | D:5      | You fall into a shaft and drop 3 floors!
  4785 | D:8      | Found a snail-covered altar of Cheibriados.
  4786 | D:8      | Noticed a hungry ghost
  4786 | D:8      | Noticed Psyche
  4788 | D:8      | Noticed Grum
  4792 | D:8      | Killed a hungry ghost
  4792 | D:8      | Reached XP level 8. HP: 60/67 MP: 7/7
  4797 | D:8      | Killed Psyche
  4797 | D:8      | Reached skill level 5 in Fighting
  4797 | D:8      | Reached skill level 7 in Dodging
  4863 | D:9      | Reached skill level 5 in Short Blades
  4880 | D:9      | Noticed a queen bee
  4891 | D:9      | Killed a queen bee
  4891 | D:9      | Reached XP level 9. HP: 27/75 MP: 8/8
  4902 | D:9      | Reached skill level 8 in Dodging
  4904 | D:9      | Reached skill level 5 in Armour
  5334 | D:8      | Found a staircase to the Lair.
  5342 | D:8      | Noticed a purple ugly thing
  5346 | D:8      | Noticed Joseph
  5436 | D:9      | Found an iron altar of Okawaru.
  5456 | D:9      | Got a crystal morningstar
  5457 | D:9      | Identified the +7 morningstar of Karma {protect, Fragile
                  | rN++ Int+4} (You found it on level 9 of the Dungeon)
  5564 | D:9      | Noticed a two-headed ogre
  5570 | D:9      | Killed a two-headed ogre
  5570 | D:9      | Reached skill level 1 in Maces & Flails
  5570 | D:9      | Reached skill level 9 in Dodging
  5570 | D:9      | Reached XP level 10. HP: 54/84 MP: 9/9
  5726 | D:8      | Noticed Prince Ribbit
  5729 | D:7      | Found a runed translucent door.
  5995 | D:6      | Found a sparkling altar of Nemelex Xobeh.
  6026 | D:6      | Found a runed translucent gate.
  6030 | D:6      | Found a runed translucent gate.
  6030 | D:6      | Found an opulent altar of Gozag.
  6031 | D:6      | Found a runed translucent gate.
  6110 | D:6      | Found a bloodstained altar of Trog.
  6171 | D:6      | Got a scorched ring mail
  6182 | D:6      | Identified the +5 ring mail of Makhleb's Favour {Slay+2}
                  | (You found it on level 6 of the Dungeon)
  6225 | D:5      | Found an opulent altar of Gozag.
  7016 | D:6      | Found Meviaxzu's Armour Boutique.
  7024 | D:6      | Bought a +2 ring mail of cold resistance for 252 gold
                  | pieces
  7066 | D:6      | Noticed Zerd's ghost (novice OpTm)
  7085 | D:6      | Reached skill level 5 in Maces & Flails
  7120 | D:6      | Found a hazy altar of Hepliaklqana.
  7531 | D:7      | Noticed Menkaure
  7533 | D:7      | Killed Menkaure
  7675 | D:7      | Found a hazy altar of Hepliaklqana.
  7772 | D:7      | Found a blossoming altar of Fedhas.
  8289 | D:7      | Noticed merlinx42's ghost (novice MiBe)
  8403 | D:8      | Reached skill level 10 in Dodging
  8547 | D:7      | Killed Prince Ribbit
  8661 | D:8      | Killed Joseph
  8674 | D:7      | Slain by an orc warrior

Illustrated notes

Levels and vault maps discovered:
D:1:      giann_bridges, layout_basic
D:2:      layout_loops_corners, uniq_crazy_yiuf_cottage
D:3:      layout_loops_ring, first_ration
D:4:      layout_basic, nicolae_tso_besieged_by_evil, lemuel_doored_altar,
          minmay_temple_entry_butterflies, gammafunk_ghost_mausoleum
D:5:      layout_basic, basic_altar
D:6:      layout_loops_cross, nemelex_xobeh_ov_fountains_minmay,
          lightli_temple_of_fire, ebering_ghost_gozag, basic_altar,
          serial_shops, shop, minmay_joined_circles
D:7:      layout_rooms, fedhas_bush_and_centaur_altar, marbit_many_paths,
          ebering_ghost_reflecting_pool, uniq_menkaure
D:8:      layout_cave_pools, cheibriados_altar_1, grunt_temple_overflow_open,
          due_lair_maze_entry_diamond, lemuel_old_faithful, uniq_prince_ribbit1,
          uniq_maggie, uniq_joseph, uniq_grum, uniq_psyche
D:9:      layout_loops_ring, lemuel_zombie_altar_kikubaaqudgha,
          kennysheep_little_box, old_standard_altar, dancing_weapons_uskayaw,
          gammafunk_ghost_spectres, basic_altar, david_nohive_1
Temple:   jpeg_temple_island

Skill      XL: |  1  2  3  4  5  6  7  8  9 10 |
---------------+-------------------------------+-----
Long Blades    | 4 5 6 7 |  7.8
Dodging        | 4 5 6 7 9 10 | 10.2
Armour         | 1 2 3 4 6 7 |  7.1
Fighting       | 3 4 5 6 7 |  7.6
Short Blades   | 1 3 5 |  5.8
Stealth        | 1 2 3 |  3.0
Throwing       | 4 |  4.7
Maces & Flails | 1 7 |  7.7
Evocations     | |  0.3

Action                   |  1- 3 |  4- 6 |  7- 9 | 10-12 || total
-------------------------+-------+-------+-------+-------++-------
Melee: Long sword        |    73 |    27 |    56 |       ||   156
       Headbutt          |    10 |    16 |    38 |    35 ||    99
       Dagger            |       |    64 |    91 |       ||   155
       Morningstar       |       |       |    14 |   184 ||   198
Throw: Boomerang         |       |     3 |    22 |    13 ||    38
Invok: Potion Petition   |       |       |     1 |     1 ||     2
 Abil: Evoke Flight      |       |       |       |     1 ||     1
  Use: Scroll            |     6 |    10 |       |     3 ||    19
       Potion            |       |       |     5 |     1 ||     6
 Stab: Sleeping          |       |       |     4 |     1 ||     5
  Eat: Chunk             |     3 |     8 |       |       ||    11
       Ration            |       |       |     4 |     2 ||     6
Armor: Leather armour    |    19 |    17 |     6 |       ||    42
       Scale mail        |       |       |    50 |    29 ||    79
       Robe              |       |       |     4 |       ||     4
       Skin              |       |       |    31 |       ||    31
       Ring mail         |       |       |       |    65 ||    65
Dodge: Dodged            |    58 |    59 |   127 |   166 ||   410
       Rpst.: Long sword |    13 |     5 |    20 |       ||    38
